 Dungeon Crawl Stone Soup version 0.31-a0-486-g8d68a81214 (webtiles) character file.

Game seed: 16224098024029729190

61 MisterAzrael the Changeling (level 3, 0/30 HPs)
             Began as a Draconian Shapeshifter on Aug 7, 2023.
             Slain by a gnoll
             ... wielding a +0 spear
              (2 damage)
             ... on level 2 of the Dungeon.
             The game lasted 00:01:44 (1837 turns).

MisterAzrael the Changeling (DrSh)                  Turns: 1837, Time: 00:01:45

Health: 0/30       AC:  5    Str: 19    XL:     3   Next: 83%
Magic:  3/3        EV: 12    Int:  8    God:
Gold:   91         SH:  0    Dex: 11    Spells: 1/2 levels left

rFire   . .          .
                       - Unarmed
rCold   . . .        (no shield)
rNeg    . . .        (body armour unavailable)
rPois   .            (helmet currently unavailable)
rElec   .            (cloak currently unavailable)
rCorr   .            (gloves currently unavailable)
SInv    .            (boots currently unavailable)
Will    .....        (no amulet)
Stlth   +            (no ring)
HPRegen 0.25/turn    (no ring)
MPRegen 0.08/turn

%: no passive effects
@: brilliant, beast-form, attractive, unable to drink
A: beast (slay +2), AC +5, unfitting armour, cold-blooded, robust 1, no potion
heal 1, inability to drink after injury 1
a: Begin Untransformation


You were on level 2 of the Dungeon.
You were a hulking beast.
You visited 1 branch of the dungeon, and saw 2 of its levels.

You collected 91 gold pieces.

Inventory:

Talismans
 b - a beast talisman (active)
Scrolls
 d - 5 scrolls of amnesia {unknown}
 e - 2 scrolls of immolation {unknown}
 f - 4 scrolls of identify {unknown}
 g - a scroll of vulnerability {unknown}
 j - a scroll of fog {unknown}
 k - a scroll of silence {unknown}
 m - a scroll of acquirement {unknown}
 n - a scroll of blinking {unknown}
Potions
 a - 2 potions of lignification
 c - 4 potions of brilliance


   Skills:
 - Level 1.1 Fighting
 - Level 1.7 Dodging
 + Level 3.7 Unarmed Combat
 * Level 3.9 Shapeshifting


You had one spell level left.
You knew the following spells:

 Your Spells              Type           Power      Damage    Failure   Level
a - Sandblast             Erth           0%         2d4       41%         1

Your spell library contained the following spells:

 Spells                   Type           Power      Damage    Failure   Level
 Passwall                 Tmut/Erth      0%         N/A       54%         2
 Stone Arrow              Conj/Erth      0%         3d7       78%         3


Dungeon Overview and Level Annotations

Branches:
Dungeon (2/15)

Altars:


Innate Abilities, Weirdness & Mutations

You are a hulking beast.
Your limbs bulge with bestial killing power. (Slay +2)
Your plain brown scales are hard. (AC +5)
You cannot fit into any form of body armour.
You are cold-blooded and may be slowed by cold attacks.
You are robust. (+10% HP)
Potions are less effective at restoring your health.
You occasionally lose the ability to drink potions when taking damage.


Message History

* * * LOW HITPOINT WARNING * * *
It was a potion of brilliance.
You feel clever all of a sudden. The gnoll misses you.
The gnoll attacks as you move away! The gnoll completely misses you.
The gnoll attacks as you move away! The gnoll hits you with a +0 whip.
* * * LOW HITPOINT WARNING * * *
You see here a +0 club.
It was a potion of curing.
You feel better. The gnoll hits you with a +0 whip.
* * * LOW HITPOINT WARNING * * *
The gnoll attacks as you move away! The gnoll hits you with a +0 whip.
* * * LOW HITPOINT WARNING * * *
The gnoll misses you.
It was a potion of mutation.
You feel extremely strange.
Your system partially rejects the healing effects of potions.
You occasionally lose the ability to drink potions when taking damage.
You feel robust. The gnoll misses you.
You hit the gnoll.
The gnoll is heavily wounded.
The gnoll misses you. The gnoll closely misses you.
You punch the gnoll!
You kill the gnoll!
The gnoll closely misses you.
The gnoll hits you from afar with a +0 spear.
* * * LOW HITPOINT WARNING * * *
It was a potion of attraction.
You feel attractive to monsters. The gnoll is attracted toward you. x3
You closely miss the gnoll. The gnoll barely misses you.
The gnoll closely misses you.
You hit the gnoll.
Your tail-slap misses the gnoll.
The gnoll is moderately wounded.
The gnoll hits you from afar with a +0 spear.
You feel threatened and lose the ability to drink potions!
* * * LOW HITPOINT WARNING * * *
The gnoll is attracted toward you. x2
You closely miss the gnoll. The gnoll barely misses you.
The gnoll hits you with a +0 spear.
You die...

#.# #.................#
#..... #.#
#.#####################.##.
#.#
#.#........†.......#..#.##.
#.#
#.#.######g....)...........
#.# #.#.#
#§#####...#....... #.#
#.#.# #§# #)..#....... #.#
#.#.# #g# #.g.#....... #.#
#.#.######g# ###.........
#.# #.#......gh# #.#.......
#.# #.#........###
###....... #.#
#.##.........# #....... #.#
#.##.........# #....... #.#
#.##.........# #....... #.#
#.###.#.#....# #.......
#.####.....#.#....#
#.......
#.#....#####.#....#
#.......
#.#.##.......#....#
####.......


You could see 3 gnolls.

Vanquished Creatures
  A gnoll (D:2)
  A worm (D:2)
  A dart slug (D:1)
  3 bats (D:1)
  7 endoplasms
  A giant cockroach (D:2)
  3 goblins
  4 hobgoblins
  6 jackals
  5 kobolds
  2 quokkas
  5 frilled lizards
  3 rats
42 creatures vanquished.

Notes
Turn   | Place    | Note
-------+----------+-------------------------------------------
     0 | D:1      | MisterAzrael the Draconian Shapeshifter began the quest for
                  | the Orb.
     0 | D:1      | Reached XP level 1. HP: 16/16 MP: 1/1
   218 | D:1      | Reached XP level 2. HP: 19/23 MP: 2/2
   661 | D:1      | Learned a level 1 spell: Sandblast
   858 | D:2      | Reached XP level 3. HP: 20/28 MP: 3/3
  1172 | D:2      | Found a faded altar of an unknown god.
  1821 | D:2      | Gained mutation: Potions are less effective at restoring
                  | your health. [potion of mutation]
  1821 | D:2      | Gained mutation: You occasionally lose the ability to drink
                  | potions when taking damage. [potion of mutation]
  1821 | D:2      | Gained mutation: You are robust. (+10% HP) [potion of
                  | mutation]
  1837 | D:2      | Slain by a gnoll

Illustrated notes

Levels and vault maps discovered:
D:1:      dpeg_arrival_round_c, layout_basic
D:2:      layout_basic, dreamdust_ecumenical_altar_angels_and_demons

Action                     || total
---------------------------++-------
  Melee: Unarmed           ||   110
         Punch             ||     4
         Tailslap          ||    15
    Use: Potion            ||     4
   Stab: Sleeping          ||     1
 Armour: Skin              ||    34
  Dodge: Dodged            ||    78

Table legend: (Time is in decaauts)
 A = Elapsed time spent in this place.
 B = Non-inter-level travel time spent in this place.
 C = Inter-level travel time spent in this place.
 D = Time resting spent in this place.
 E = Time spent auto-exploring this place.
 F = Levels seen in this place.
 G = Mean time per level.
                   A        B        C        D        E       F      G
               +--------+--------+--------+--------+--------+-----+--------+
         Total |   1834 |   1801 |     33 |    161 |   1360 |   2 |  917.0 |
       Dungeon |   1834 |   1801 |     33 |    161 |   1360 |   2 |  917.0 |
               +--------+--------+--------+--------+--------+-----+--------+

Top non-repeatable levels by time:
     D:2: 1067 daAuts
     D:1: 766 daAuts
